 Dungeon Crawl Stone Soup version 0.18-a0-1577-gf591c28 (webtiles) character file.

212 M4edhros the Ducker (level 5, -1/33 HPs)
             Began as an Octopode Artificer on Mar 19, 2016.
             Slain by a shadow imp (6 damage)
             ... on level 4 of the Dungeon.
             The game lasted 00:03:25 (2574 turns).

M4edhros the Ducker (Octopode Artificer)            Turns: 2574, Time: 00:03:26

Health: -1/33      AC:  1    Str: 10    XL:     5   Next: 89%
Magic:  7/7        EV: 14    Int: 14    God:
Gold:   196        SH:  0    Dex: 14    Spells: 1 memorised, 3 levels left

rFire  . . .     SeeInvis .     a - +0 short sword
rCold  . . .     Gourm    .     (no shield)
rNeg   . . .     Faith    .     (helmet restricted)
rPois  .         Spirit   .     (no amulet)
rElec  .         Dismiss  .     (no ring)
rCorr  .         Reflect  .     (no ring)
SustAt .         Harm     .     (no ring)
MR     .....                    (no ring)
Stlth  +++.......               (no ring)
                                (no ring)
                                (no ring)
                                (no ring)

@: lethally poisoned (-1 -> -6), very slightly contaminated, invisible, not
resistant to hostile enchantments, fairly stealthy
A: almost no armour, amphibious, 8 rings, constrict 8, camouflage 1, gelatinous
body 1
a: no special abilities


You were on level 4 of the Dungeon.
You were not hungry.

You visited 1 branch of the dungeon, and saw 4 of its levels.

You collected 196 gold pieces.

Inventory:

Hand Weapons
 a - a +0 short sword (weapon)
 e - a +0 hunting sling
Missiles
 g - 188 stones (quivered)
Wands
 b - a wand of flame (15/48)
 c - a wand of enslavement (15/24)
 d - a wand of random effects (15/48)
 s - a wand of iceblast (7/15)
Scrolls
 h - 2 scrolls of random uselessness {unknown}
 i - a scroll of remove curse {unknown}
 j - a scroll of teleportation {unknown}
 l - 2 scrolls of identify {unknown}
 m - 3 scrolls of immolation {unknown}
 p - a scroll of fog {unknown}
 q - a scroll of recharging {unknown}
 u - a scroll of amnesia {unknown}
Books
 o - a Young Poisoner's Handbook

   Spells                             Type                      Level
   a - Sting                          Conjuration/Poison           1
   b - Cure Poison                    Poison                       2
   c - Mephitic Cloud                 Conjuration/Poison/Air       3
   d - Olgreb's Toxic Radiance        Poison                       4
   e - Venom Bolt                     Conjuration/Poison           5
Comestibles
 f - 5 bread rations
 n - 2 beef jerkies
 r - 2 meat rations
 t - 5 fruits


   Skills:
 - Level 1.0 Fighting
 - Level 1.0 Short Blades
 + Level 4.4 Dodging
 - Level 1.3 Stealth
 + Level 1.6 Conjurations
 * Level 3.8 Poison Magic
 - Level 3.2 Evocations


You had 3 spell levels left.
You knew the following spells:

 Your Spells              Type           Power        Failure   Level  Hunger
a - Sting                 Conj/Pois      #...         12%         1    ##.....


Dungeon Overview and Level Annotations

Branches:
Dungeon (4/15)
 Temple: D:4-7

Altars:
Nemelex Xobeh
Qazlal


Innate Abilities, Weirdness & Mutations

You cannot wear most types of armour.
You are amphibious.
You can wear up to eight rings at the same time.
You can use your tentacles to constrict eight enemies at once.
Your skin changes colour to match your surroundings (Stealth).
Your rubbery body absorbs attacks (AC +1).


Message History

The orc shouts! x2
You hit the shadow imp but do no damage.
You grab the shadow imp.
You constrict the shadow imp, but do no damage.
* * * LOW HITPOINT WARNING * * *
You feel sick. The shadow imp barely misses you.
You barely miss the shadow imp. You constrict the shadow imp.
* * * LOW HITPOINT WARNING * * *
You feel sick. The shadow imp hits you.
* * * LOW HITPOINT WARNING * * *
The shadow imp misses you.
Unknown command.
The orc shouts!
You hit the shadow imp but do no damage.
You squeeze the shadow imp!
The shadow imp is almost dead.
You constrict the shadow imp.
* * * LOW HITPOINT WARNING * * *
You feel sick. The shadow imp hits you.
You die...

#........# #...........
#........ ###.....####
#........ #.....#
......... #.....#
$.......# #.....#
........#######.....#
.......†'.....'.....#
........#######.....####
.......@................
.......5..##############
...%......# ......oo###
..$.....# ........o
........o ...)....$


You could see a shadow imp and 4 orcs.

Vanquished Creatures
  A worker ant (D:4)
  Robin (D:2)
  7 gnolls
  3 adders
  3 worms (D:2)
  2 dart slugs
  A giant gecko (D:2)
  2 orcs
  11 bats
  4 giant cockroaches
  13 goblins
  12 hobgoblins
  4 kobolds
  3 ball pythons
  A giant newt (D:1)
  6 rats
74 creatures vanquished.

Vanquished Creatures (others)
  An adder (D:3)
  A giant cockroach (D:3)
2 creatures vanquished.

Grand Total: 76 creatures vanquished

Notes
Turn   | Place    | Note
--------------------------------------------------------------
     0 | D:1      | M4edhros the Octopode Artificer began the quest for the Orb.
     0 | D:1      | Reached XP level 1. HP: 13/13 MP: 3/3
   112 | D:1      | Reached XP level 2. HP: 13/18 MP: 4/4
   325 | D:1      | Reached skill level 3 in Dodging
   409 | D:1      | Reached XP level 3. HP: 12/23 MP: 5/5
   658 | D:2      | Learned a level 1 spell: Sting
   730 | D:2      | Reached skill level 1 in Poison Magic
   777 | D:2      | Reached XP level 4. HP: 23/28 MP: 6/6
   846 | D:2      | Noticed Robin
   899 | D:3      | Found a sparkling altar of Nemelex Xobeh.
  1233 | D:2      | Killed Robin
  1293 | D:2      | Reached skill level 4 in Dodging
  1311 | D:2      | Reached skill level 1 in Conjurations
  1507 | D:3      | Reached XP level 5. HP: 33/33 MP: 7/7
  1678 | D:3      | Found a stormy altar of Qazlal.
  2574 | D:4      | Slain by a shadow imp

Vault maps used:
D:1:      dpeg_arrival_water_temple_mockup, kennysheep_pointless_box
D:2:      serial_bayou_pond_d, uniq_robin
D:3:      nicolae_qazlal_eye_of_the_storm, first_bread, roderic_roman_lattice,
          minmay_misc_feat_alley, nemelex_deck
D:4:      led_sif_pool, temple_fountains

Skill      XL: |  1  2  3  4  5 |
---------------+----------------+-----
Dodging        | 3 4 |  4.4
Poison Magic   | 1 2 3 |  3.8
Conjurations   | 1 |  1.6
Fighting       | |  1.0
Short Blades   | |  1.0
Stealth        | |  1.3
Evocations     | |  3.2

Action                   |  1- 3 |  4- 6 || total
-------------------------+-------+-------++-------
Melee: Short sword       |    88 |    88 ||   176
 Cast: Sting             |       |     9 ||     9
  Use: Potion            |     4 |     2 ||     6
 Stab: Sleeping          |     5 |     5 ||    10
  Eat: Chunk             |       |     6 ||     6
